 Dungeon Crawl Stone Soup version 0.21.1-1-g345015f (webtiles) character file.

583789 prawnwizard the Axe Maniac (level 26, -7/239 HPs)
             Began as a Minotaur Berserker on July 13, 2018.
             Was the Champion of Trog.
             Mangled by the Royal Jelly (13 damage)
             ... on level 5 of the Pits of Slime on July 14, 2018.
             The game lasted 02:59:45 (64672 turns).

prawnwizard the Axe Maniac (Minotaur Berserker)    Turns: 64672, Time: 02:59:46

Health: -7/239     AC: 19    Str: 29    XL:     26   Next: 1%
Magic:  2/5        EV: 22    Int:  4    God:    Trog [******]
Gold:   6450       SH:  0    Dex: 18    Spells: 25/25 levels left

rFire    + . .     SeeInvis .   A - +9 executioner's axe (antimagic)
rCold    + + .     Gourm    .   (shield currently unavailable)
rNeg     + . .     Faith    .   y - +7 gold dragon scales
rPois    +         Spirit   .   (helmet restricted)
rElec    .         Reflect  .   J - +1 cloak
rCorr    +         Harm     .   Y - +3 pair of gauntlets of War {Slay+5}
MR       +++..     Rnd*Rage +   p - +2 pair of boots Stlth ..........Rnd*Tele +
                                g - amulet of regeneration
HPRegen  1.89/turn              d - ring of resist corrosion
MPRegen  0.09/turn              x - ring "Miojeta" {rN+ Str+4 Dex+3}

@: corroded, berserk cooldown, regenerating, slowed, very slow
A: retaliatory headbutt, horns 2, camouflage 1, berserk 3, blurry vision 2, cold
resistance 1, deformed body, deterioration 1, frail 1, low mp 3, teleportitis 2,
weak 2
}: 3/15 runes: serpentine, barnacled, silver
a: Berserk, Trog's Hand, Brothers in Arms, Burn Spellbooks, Renounce Religion


You were on level 5 of the Pits of Slime.
You worshipped Trog.
Trog was exalted by your worship.
You were not hungry.

You visited 9 branches of the dungeon, and saw 49 of its levels.
You visited the Abyss 2 times.
You also visited: Desolation.

You collected 8622 gold pieces.
You spent 2172 gold pieces at shops.

Inventory:

Hand Weapons
 A - a +9 antimagic executioner's axe (weapon)
Armour
 p - a +2 pair of boots (worn)
 y - +7 gold dragon scales (worn)
 J - a +1 cloak (worn)
 Y - the +3 pair of gauntlets of War (worn) {Slay+5}
   (You found it on level 3 of the Elven Halls)

   It affects your accuracy and damage with ranged weapons and melee attacks
   (+5).
Jewellery
 d - a ring of resist corrosion (left hand)
 g - an amulet of regeneration (around neck)
 w - an uncursed ring of protection from magic
 x - the ring "Miojeta" (right hand) {rN+ Str+4 Dex+3}
   (You found it in the Desolation of Salt)

   [ring of dexterity]

   It affects your strength (+4).
   It affects your dexterity (+3).
   It protects you from negative energy.
 O - the ring "Hydwir" {*Slow rN++ Dex+4}
   (You found it on level 2 of the Shoals)

   [ring of dexterity]

   It affects your dexterity (+4).
   It greatly protects you from negative energy.
   It may slow you when you take damage.
 Q - the ring of Qulu {*Slow rPois rN+ EV+2}
   (You found it in the Desolation of Salt)

   [ring of evasion]

   It affects your evasion (+2).
   It protects you from poison.
   It protects you from negative energy.
   It may slow you when you take damage.
Wands
 v - a wand of digging (17)
 D - a wand of polymorph (9)
 W - a wand of clouds (14)
Scrolls
 a - 2 scrolls of holy word
 e - 18 scrolls of teleportation
 h - 35 scrolls of identify
 l - 8 scrolls of fear
 n - 13 scrolls of fog
 t - 7 scrolls of silence
 u - a scroll of brand weapon
 z - 7 scrolls of blinking
 C - 8 scrolls of magic mapping
 E - 13 scrolls of remove curse
 T - a scroll of summoning
 U - a scroll of acquirement
 Z - a scroll of enchant weapon
Potions
 b - a potion of cancellation
 i - 6 potions of magic
 j - 6 potions of flight
 m - 4 potions of lignification
 o - 7 potions of haste
 q - 2 potions of heal wounds
 r - 13 potions of curing
 s - 5 potions of might
 B - 3 potions of ambrosia
 F - a potion of agility
 G - 9 potions of brilliance
 N - 3 potions of mutation
 P - a potion of invisibility
 R - 2 potions of resistance
Books
 H - the Compendium of Sinister Arts
   (You found it on level 5 of the Vaults)

   Spells                             Type                      Level
   a - Animate Skeleton               Necromancy                   1
   b - Pain                           Necromancy                   1
   c - Corpse Rot                     Necromancy                   2
   d - Regeneration                   Charms/Necromancy            3
   e - Vampiric Draining              Necromancy                   3
   f - Animate Dead                   Necromancy                   4
   g - Dispel Undead                  Necromancy                   5
   Trog disapproves of the use of such an item.
 K - a book of Callings

   Spells                             Type                      Level
   a - Summon Small Mammal            Summoning                    1
   b - Call Imp                       Summoning                    2
   c - Call Canine Familiar           Summoning                    3
   d - Summon Guardian Golem          Hexes/Summoning              3
   e - Summon Lightning Spire         Summoning/Air                4
   f - Summon Ice Beast               Ice/Summoning                4
   Trog disapproves of the use of such an item.
Comestibles
 c - 56 rations


   Skills:
 O Level 27 Fighting
 O Level 27 Axes
 + Level 25.6 Armour
 + Level 23.9 Dodging


You had 25 spell levels left.
You didn't know any spells.

Dungeon Overview and Level Annotations

Branches:
Dungeon (15/15)            Temple (0/1) D:5            Lair (6/6) D:11
 Shoals (4/4) Lair:4        Snake (4/4) Lair:2        Slime (5/5) Lair:5
    Orc (2/2) D:9             Elf (3/3) Orc:2        Vaults (5/5) D:13
  Crypt (0/3) Vaults:2     Depths (5/5) D:15            Zot (0/5) Depths:5

Altars:
Cheibriados
Dithmenos
Elyvilon
Fedhas
Gozag
Hepliaklqana
Kikubaaqudgha
Nemelex Xobeh
Okawaru
Ru
Sif Muna
Trog
Vehumet
Wu Jian
Xom
Yredelemnul
Zin
The Shining One
Beogh
Jiyva

Shops:
D:5 ?!   D:10 =   Orc:2 [*(:(   Elf:3 !!*   Shoals:3 !   Snake:3 *
Snake:4 }}=%[?   Vaults:1 [([   Vaults:4 !   Depths:4 (

Portals:
Hell: Depths:1 Depths:2 Depths:3 Depths:4 Depths:5
Abyss: Depths:4 Depths:5
Pandemonium: Depths:2 Depths:3
Ziggurat: Depths:3
Trove: D:10 (give +7 demon blade)

Annotations:
D:5 2 transporters
Lair:1 exclusion: oklob plant
Lair:6 exclusion: oklob plant
Snake:2 2 transporters
Slime:5 Royal Jelly
Vaults:3 exclusion: obsidian statue


Innate Abilities, Weirdness & Mutations

You reflexively headbutt those who attack you in melee.
You have a pair of horns on your head.
Your skin changes colour to match your surroundings (Stealth+).
You have an uncontrollable temper.
Scrolls take you longer to read.
Your flesh is cold resistant. (rC+)
Armour fits poorly on your strangely shaped body.
Your body sometimes deteriorates upon taking damage.
You are frail. (-10% HP)
Your magical capacity is extremely low. (-30% MP)
You are sometimes teleported next to monsters.
You are very weak. (Str -4)


Message History

* * * LOW HITPOINT WARNING * * *
The azure jelly completely misses you. The death ooze completely misses you.
The death ooze hits you but does no damage.
Your deep troll bites the death ooze!!
Your deep troll claws the death ooze.
Your deep troll completely misses the death ooze.
A slime creature comes into view.
Really read with blurry vision while enemies are nearby?
Okay, then.
You feel much better. The Royal Jelly hits you!!
* * * LOW HITPOINT WARNING * * *
You are splashed with acid!
The acid burns!
You resist.
* * * LOW HITPOINT WARNING * * *
The Royal Jelly closely misses you. The azure jelly completely misses you.
The azure jelly closely misses you. x2; The azure jelly barely misses you.
The death ooze barely misses you. The death ooze hits you.
* * * LOW HITPOINT WARNING * * *
Your deep troll bites the death ooze!!
The death ooze is destroyed!
The Royal Jelly hits you!
You die...

###..................
##.................
..................
#.................
###.................
...................
#.J...............
##JJT..............
#J@...............#
#.................#
#.................#
#.................#
#...................#
#.................#..#
#...................###
#.................#....#
..................######


You could see the Royal Jelly, an azure jelly, a slime creature, a death ooze
and a friendly deep troll (berserk).

Vanquished Creatures
  An ancient lich (Vaults:5)
  Mennas (Depths:5)
  3 juggernauts
  Boris (Vaults:5)
  Xtahua (Vaults:5)
  9 caustic shrikes
  5 golden dragons
  A profane servitor (Abyss:2)
  A bone dragon (Depths:5)
  10 liches
  6 tentacled monstrosities
  Asterion (Vaults:2)
  4 titans
  5 quicksilver dragons
  2 deep elf blademasters (Elf:3)
  3 sphinxes
  4 deep elf master archers (Elf:3)
  21 acid blobs
  A tentacled starspawn (Abyss:2)
  6 shadow dragons (Vaults:5)
  4 storm dragons
  Donald (Vaults:2)
  5 nagarajas (Snake:4)
  5 tengu reavers (Vaults:5)
  6 azure jellies
  9 fire giants
  16 vault wardens
  A caustic shrike zombie (Depths:4)
  9 frost giants
  An iron dragon (Depths:2)
  A draconian scorcher (Depths:5)
  12 deep elf sorcerers
  An imperial myrmidon (Desolation)
  2 orc warlords
  Aizul (Snake:1)
  9 deep elf elementalists
  17 very ugly things
  3 spriggan defenders
  2 angels (Elf:2)
  A war gargoyle (Vaults:1)
  13 ironheart preservers
  An entropy weaver (shapeshifter) (Depths:2)
  16 stone giants
  2 vampire knights
  7 deep elf demonologists
  2 green draconians (Depths:5)
  Nessos (D:13)
  2 purple draconians (Depths:5)
  9 spark wasps
  2 black draconians (Depths:5)
  2 white draconians (Depths:5)
  10 deep elf annihilators
  3 halazid warlocks (Desolation)
  A yellow draconian (Depths:5)
  2 deep elf death magi (Elf:3)
  15 ettins
  5 merfolk javelineers
  2 death oozes
  3 crystal guardians
  12 fire dragons
  8 merfolk impalers
  Josephine (D:13)
  5 ragged hierophants (Desolation)
  21 yaktaur captains
  10 deep elf high priests
  14 ogre magi
  7 rakshasas
  6 peacekeepers (Desolation)
  The ghost of blackflag1 the Geomancer, a journeyman GrEE of Nemelex Xobeh (D:11)
  10 ice dragons
  Harold (Lair:2)
  12 great orbs of eyes
  26 vault guards
  6 hydras
  A catoblepas (Lair:4)
  11 naga warriors
  7 servants of whispers (Desolation)
  5 spriggan air magi
  42 two-headed ogres
  15 anacondas
  A merfolk avatar (Shoals:4)
  4 satyrs
  2 death knights
  4 merfolk aquamancers
  4 centaur warriors
  8 deep troll shamans
  6 death yaks (Lair:6)
  9 tengu warriors
  7 deep troll earth magi
  A titan zombie (Vaults:4)
  7 naga sharpshooters
  Urug (Lair:4)
  31 dancing weapons
  6 orc high priests
  A thrashing horror (Abyss:2)
  3 vampire magi
  13 shock serpents
  17 deep elf knights
  A hell knight (Vaults:5)
  Sonja (Orc:2)
  4 spriggan berserkers
  A small abomination (Elf:3)
  8 salamander mystics
  A sixfirhy (D:11)
  2 iron trolls (Depths:4)
  2 cherubim (D:14)
  6 skeletal warriors
  15 deep trolls
  16 sea snakes
  2 unseen horrors
  5 flayed ghosts
  3 glowing orange brains
  An unseen horror (shapeshifter) (Vaults:4)
  A spark wasp zombie (Depths:4)
  7 naga ritualists
  Pikel (D:6)
  14 harpies
  The ghost of korthal the Grappler, a novice TrWr (D:6)
  13 deep elf archers
  11 ironbrand convokers
  6 necromancers
  5 wizards
  A lindwurm (shapeshifter) (Vaults:5)
  A sphinx zombie (Vaults:4)
  10 mana vipers
  9 shining eyes
  21 orc knights
  4 orc sorcerers
  42 deep elf magi
  6 wolf spiders
  2 tengu skeletons
  A fire giant zombie (Vaults:4)
  12 salamanders
  13 fauns
  25 ugly things
  4 cyclopes
  9 manticores
  A fire giant skeleton (Vaults:4)
  15 vault sentinels
  A moth of wrath (shapeshifter) (Depths:4)
  6 eyes of devastation
  Joseph (D:8)
  11 elephants
  5 merfolk sirens
  A frost giant skeleton (Vaults:4)
  A black mamba (shapeshifter) (Depths:3)
  3 water nymphs
  2 centaur zombies
  13 naga magi
  A molten gargoyle (Desolation)
  10 guardian serpents
  12 spiny frogs
  44 black mambas
  A storm dragon simulacrum (Depths:4)
  2 centaur skeletons
  18 starcursed masses (Abyss:2)
  A rime drake (Lair:4)
  6 freezing wraiths
  6 komodo dragons
  39 yaktaurs
  A yaktaur (shapeshifter) (Vaults:3)
  The ghost of plastic the Firebug, a novice GrFE (D:5)
  6 tengu conjurers
  A wind drake (shapeshifter) (Elf:2)
  6 hornets
  13 trolls
  A hornet (shapeshifter) (Vaults:3)
  A queen bee (Depths:2)
  The ghost of manchovi the Chopper, an amateur DsGl (D:4)
  30 merfolk
  5 wind drakes
  A snapping turtle (shapeshifter) (Vaults:5)
  A large abomination (Abyss:2)
  15 hippogriffs
  91 slime creatures
  2 blink frogs (shapeshifter)
  9 dream sheep
  A dream sheep (shapeshifter) (Vaults:5)
  45 saltlings (Desolation)
  14 blink frogs
  5 snapping turtles
  Prince Ribbit (D:7)
  A hippogriff (shapeshifter) (Depths:1)
  8 air elementals
  12 flying skulls (Abyss:2)
  A redback (shapeshifter) (Vaults:4)
  A frost giant simulacrum (Vaults:4)
  A vampire (Abyss:2)
  2 redbacks (Lair:6)
  2 tarantellas (shapeshifter)
  4 wraiths
  35 yaks
  12 wyverns
  A fire elemental (Depths:3)
  4 basilisks
  A hog (shapeshifter) (Vaults:2)
  17 golden eyes
  A basilisk (shapeshifter) (Depths:4)
  23 water elementals
  A yaktaur simulacrum (Vaults:1)
  The ghost of manchovi the Chopper, an amateur DsGl (D:3)
  8 vampire mosquitoes
  A human (shapeshifter) (Vaults:4)
  2 chaos spawn (Abyss:2)
  53 nagas
  4 wargs
  3 acid dragons
  A soldier ant (D:15)
  20 water moccasins
  A water moccasin (shapeshifter) (D:14)
  2 porcupines
  56 orc warriors
  A deep troll skeleton (Vaults:1)
  4 sky beasts
  3 human zombies
  4 ice beasts
  An ice beast (shapeshifter) (Vaults:5)
  2 phantoms
  A sky beast (shapeshifter) (Depths:3)
  3 slaves (D:6)
  40 ogres
  6 boggarts
  8 eyes of draining
  An ettin simulacrum (Vaults:4)
  7 wolves
  2 elf zombies
  9 crocodiles
  2 elf skeletons
  24 centaurs
  A human skeleton (Vaults:1)
  Blork the orc (D:4)
  2 big kobolds
  15 bullfrogs
  2 elf simulacra
  An earth elemental (Elf:1)
  A gnoll sergeant (D:10)
  A water moccasin zombie (D:8)
  A wyvern skeleton (D:14)
  39 killer bees
  2 human simulacra
  A wight (Vaults:2)
  A howler monkey (shapeshifter) (Vaults:5)
  4 howler monkeys
  6 electric eels
  8 crimson imps
  3 bullfrog zombies
  A quasit (Abyss:2)
  4 hounds
  2 jellies
  17 orc priests
  A bullfrog skeleton (D:4)
  2 iron imps
  Jessica (D:2)
  26 orc wizards
  5 hell rats (Lair:5)
  3 iguanas
  10 worker ants
  A hound skeleton (D:5)
  A howler monkey zombie (D:11)
  A worker ant zombie (D:9)
  8 gnolls
  A howler monkey skeleton (D:7)
  18 adders
  3 shadow imps
  A white imp (Depths:1)
  An adder skeleton (D:7)
  4 worms
  3 dart slugs
  8 leopard geckos
  77 orcs
  5 giant cockroaches
  7 goblins
  10 hobgoblins
  8 jackals
  15 kobolds
  7 quokkas
  3 ball pythons
  13 bats
  8 frilled lizards
  A quokka skeleton (D:4)
  6 rats
  4 crawling corpses (Elf:3)
  A fire vortex (Depths:3)
  3 fungi
  27 plants
  A starspawn tentacle (Abyss:2)
2178 creatures vanquished.

Vanquished Creatures (collateral kills)
  A caustic shrike (Depths:5)
  A golden dragon (Depths:4)
  A sphinx (Depths:3)
  A nagaraja (Snake:4)
  Ilsuiw (Shoals:4)
  A fire giant (Depths:3)
  A deep elf sorcerer (Depths:3)
  A spriggan defender (Depths:4)
  A merfolk javelineer (Shoals:4)
  A deep elf death mage (Depths:3)
  A death ooze (Slime:5)
  A fire dragon (Depths:2)
  A naga warrior (Snake:4)
  An anaconda (Snake:4)
  A merfolk aquamancer (Shoals:4)
  An orc high priest (Orc:1)
  An orc sorcerer (Depths:2)
  A faun (Shoals:4)
  A manticore (D:11)
  A black mamba (Lair:6)
  A black mamba (shapeshifter) (Depths:4)
  A naga mage (Snake:4)
  A yaktaur (Depths:5)
  5 merfolk (Shoals:4)
  A troll (Orc:1)
  2 slime creatures (Depths:2)
  A hornet (Lair:6)
  2 yaks (Lair:6)
  3 water elementals (Shoals:4)
  A wyvern (Lair:6)
  A naga (Snake:4)
  A water moccasin (Lair:6)
  3 orc warriors
  An ogre (Orc:1)
  An orc (Orc:1)
45 creatures vanquished.

Vanquished Creatures (others)
  2 merfolk javelineers
  A deep elf knight (Elf:2)
  An unseen horror (shapeshifter) (Vaults:1)
  A saltling (Desolation)
  A naga (Snake:4)
  A centaur (D:11)
  A worker ant (D:6)
  A leopard gecko (D:6)
  An orc (D:6)
  A kobold (D:11)
  31 fungi
  104 plants
  A starspawn tentacle (Abyss:2)
  4 toadstools (D:1)
151 creatures vanquished.

Grand Total: 2374 creatures vanquished

Notes
Turn   | Place    | Note
-------+----------+-------------------------------------------
     0 | D:1      | prawnwizard the Minotaur Berserker began the quest for the Orb.
     0 | D:1      | Reached XP level 1. HP: 19/19 MP: 0/0
    78 | D:1      | Reached XP level 2. HP: 13/27 MP: 1/1
   645 | D:1      | Reached ** piety under Trog
  1077 | D:2      | Noticed Jessica
  1083 | D:2      | Killed Jessica
  1083 | D:2      | Reached XP level 3. HP: 29/33 MP: 2/2
  1205 | D:2      | Reached XP level 4. HP: 40/40 MP: 3/3
  1326 | D:2      | Found a shadowy altar of Dithmenos.
  1501 | D:2      | Found an ornate altar of the Wu Jian Council.
  1502 | D:2      | Found a hazy altar of Hepliaklqana.
  1773 | D:3      | Reached skill level 5 in Axes
  1785 | D:3      | Noticed manchovi's ghost (amateur DsGl)
  1836 | D:3      | Killed manchovi's ghost
  1836 | D:3      | Reached XP level 5. HP: 47/47 MP: 4/4
  2025 | D:3      | Reached XP level 6. HP: 45/55 MP: 5/5
  2027 | D:3      | Reached skill level 5 in Fighting
  2541 | D:3      | Reached *** piety under Trog
  2599 | D:4      | Noticed manchovi's ghost (amateur DsGl)
  2619 | D:4      | Killed manchovi's ghost
  2619 | D:4      | Reached XP level 7. HP: 43/61 MP: 6/6
  2753 | D:4      | Noticed Blork the orc
  2765 | D:4      | Killed Blork the orc
  2963 | D:5      | Entered Level 5 of the Dungeon
  2963 | D:5      | Found Caups's Magic Scroll Shoppe.
  2971 | D:5      | Found Soocohik's Distillery.
  2981 | D:5      | Found a staircase to the Ecumenical Temple.
  3007 | D:5      | Reached skill level 5 in Armour
  3099 | D:5      | Found a transporter.
  3107 | D:5      | Reached skill level 5 in Dodging
  3213 | D:5      | Noticed plastic's ghost (novice GrFE)
  3226 | D:5      | Reached XP level 8. HP: 42/70 MP: 7/7
  3228 | D:5      | Killed plastic's ghost
  3567 | D:5      | Found a bloodstained altar of Trog.
  3629 | D:5      | Found a transporter.
  3652 | D:5      | Found a sparkling altar of Nemelex Xobeh.
  3739 | D:5      | Found a snail-covered altar of Cheibriados.
  3802 | D:5      | Reached **** piety under Trog
  3990 | D:5      | You fall through a shaft for 2 floors!
  3997 | D:7      | Noticed Prince Ribbit
  4013 | D:7      | Killed Prince Ribbit
  4743 | D:7      | Reached XP level 9. HP: 61/79 MP: 8/8
  5008 | D:6      | Noticed korthal's ghost (novice TrWr)
  5032 | D:6      | Killed korthal's ghost
  5032 | D:6      | Reached skill level 10 in Axes
  5094 | D:6      | Reached ***** piety under Trog
  5172 | D:6      | Noticed Pikel
  5196 | D:6      | Killed Pikel
  5268 | D:6      | Lost intelligence.
  5613 | D:6      | Gained mutation: You tend to lose your temper in combat. [potion of mutation]
  5613 | D:6      | Gained mutation: Your mind is acute. (Int +2) [potion of mutation]
  5620 | D:6      | Found an iron altar of Okawaru.
  5718 | D:6      | Found a basalt altar of Yredelemnul.
  5889 | D:6      | Found a deep blue altar of Sif Muna.
  6517 | D:8      | Noticed Joseph
  6538 | D:8      | Killed Joseph
  6538 | D:8      | Reached XP level 10. HP: 54/90 MP: 9/9
  6559 | D:8      | Found a blossoming altar of Fedhas.
  7079 | D:9      | Found a staircase to the Orcish Mines.
  8325 | D:10     | Entered Level 10 of the Dungeon
  8833 | D:10     | Found a portal to a secret trove of treasure.
  9035 | D:10     | Found Zyxuot's Jewellery Shoppe.
  9127 | D:10     | Reached XP level 11. HP: 93/99 MP: 10/10
  9381 | D:11     | Noticed a tengu warrior
  9400 | D:11     | Killed a tengu warrior
  9400 | D:11     | Reached skill level 10 in Fighting
  9449 | D:11     | Reached ****** piety under Trog
  9454 | D:11     | Received a gift from Trog
  9607 | D:11     | Noticed blackflag1's ghost (journeyman GrEE)
  9629 | D:11     | Killed blackflag1's ghost
  9939 | D:11     | Found a staircase to the Lair.
 10146 | D:11     | Found a runed door.
 10290 | D:11     | Noticed a sixfirhy
 10331 | D:11     | Reached skill level 10 in Armour
 10484 | D:11     | Killed a sixfirhy
 10896 | D:11     | Noticed an eight-headed hydra
 10905 | D:11     | Killed a 14-headed hydra
 11430 | D:12     | Noticed a tengu warrior
 11444 | D:12     | Killed a tengu warrior
 11520 | D:12     | Noticed a two-headed ogre
 11524 | D:12     | Killed a two-headed ogre
 11952 | D:12     | Noticed a five-headed hydra
 11961 | D:12     | Killed a nine-headed hydra
 11961 | D:12     | Reached skill level 10 in Dodging
 11961 | D:12     | Reached XP level 12. HP: 110/110 MP: 11/11
 12019 | D:12     | Found a sacrificial altar of Ru.
 12287 | D:13     | Noticed a two-headed ogre
 12294 | D:13     | Killed a two-headed ogre
 12512 | D:13     | Noticed a two-headed ogre
 12521 | D:13     | Killed a two-headed ogre
 12521 | D:13     | Reached skill level 15 in Axes
 12682 | D:13     | Noticed a two-headed ogre
 12685 | D:13     | Killed a two-headed ogre
 12701 | D:13     | Found a gate to the Vaults.
 12757 | D:13     | Noticed Josephine
 12763 | D:13     | Killed Josephine
 12765 | D:13     | Noticed a two-headed ogre
 12771 | D:13     | Killed a two-headed ogre
 12786 | D:13     | Noticed Nessos
 12975 | D:13     | Killed Nessos
 13537 | Lair:1   | Entered Level 1 of the Lair of Beasts
 13657 | Lair:1   | Received a gift from Trog
 13731 | Lair:1   | Got a bloodstained buckler
 14440 | Lair:2   | Found a staircase to the Snake Pit.
 14479 | Lair:2   | Noticed Harold
 14501 | Lair:2   | Killed Harold
 14501 | Lair:2   | Reached XP level 13. HP: 88/118 MP: 12/12
 14803 | Lair:2   | Received a gift from Trog
 15065 | D:12     | Lost mutation: Your mind is acute. (Int +2) [potion of mutation]
 15065 | D:12     | Lost mutation: You tend to lose your temper in combat. [potion of mutation]
 15065 | D:12     | Gained mutation: You evolve. [potion of mutation]
 15065 | D:12     | Gained mutation: Your spells are a little easier to cast, but a little less powerful. [potion of mutation]
 15065 | D:12     | Gained mutation: Your skin changes colour to match your surroundings (Stealth+). [potion of mutation]
 16496 | Lair:4   | Noticed Urug
 16507 | Lair:4   | Killed Urug
 17215 | Lair:4   | Found a staircase to the Shoals.
 17362 | Lair:4   | Lost mutation: Your spells are a little easier to cast, but a little less powerful. [evolution]
 17561 | Lair:5   | Found a viscous altar of Jiyva.
 17561 | Lair:5   | Found a staircase to the Slime Pits.
 18208 | Lair:5   | Found a dark tunnel.
 18421 | Lair:6   | Entered Level 6 of the Lair of Beasts
 18450 | Lair:6   | Found a radiant altar of Vehumet.
 18826 | Lair:6   | Gained mutation: You possess an exceptional clarity of mind. [evolution]
 19049 | Lair:6   | Reached XP level 14. HP: 68/129 MP: 13/13
 20231 | Lair:6   | Received a gift from Trog
 21252 | Slime:1  | Entered Level 1 of the Pits of Slime
 21252 | Slime:1  | Noticed an acid blob
 21252 | Slime:1  | Noticed an azure jelly
 21256 | Slime:1  | Noticed an acid blob
 22481 | D:14     | Reached XP level 15. HP: 53/139 MP: 14/14
 23079 | D:15     | Entered Level 15 of the Dungeon
 23750 | D:15     | Found a staircase to the Depths.
 24152 | Orc:1    | Entered Level 1 of the Orcish Mines
 24211 | Orc:2    | Entered Level 2 of the Orcish Mines
 24211 | Orc:2    | Found a labyrinth entrance.
 24212 | Orc:2    | Noticed Sonja
 24215 | Orc:2    | Found a roughly hewn altar of Beogh.
 24227 | Orc:2    | Killed Sonja
 24355 | Orc:2    | Received a gift from Trog
 24390 | Orc:2    | Gained mutation: Your magical capacity is low. (-10% MP) [a neqoxec]
 24707 | Orc:2    | Found Umonae's Antique Weapon Boutique.
 24889 | Orc:2    | Found a staircase to the Elven Halls.
 24993 | Orc:2    | Found Baesosyena's Book Boutique.
 25034 | Orc:2    | Bought a manual of Fighting for 1545 gold pieces
 25047 | Orc:2    | Found Lileu's Weapon Shoppe.
 25050 | Orc:2    | Found Lirhinlutz's General Store.
 25068 | Orc:2    | Noticed an orc warlord
 25085 | Orc:2    | Killed an orc warlord
 25111 | Orc:2    | Found Nigrol's Antique Armour Boutique.
 25634 | Orc:1    | Gained mutation: Your flesh is cold resistant. (rC+) [evolution]
 25634 | Orc:1    | Lost mutation: You evolve. [end of evolution]
 26068 | Shoals:1 | Entered Level 1 of the Shoals
 26134 | Shoals:1 | Reached skill level 15 in Fighting
 26643 | Shoals:1 | You fall through a shaft!
 26729 | Shoals:2 | Got a vibrating ivory ring
 28037 | Shoals:3 | Reached skill level 15 in Armour
 28047 | Shoals:3 | HP: 10/211 [barbs]
 28048 | Shoals:3 | HP: 4/141 [poisoned by a merfolk]
 28053 | Shoals:3 | HP: 5/141 [poisoned by a merfolk]
 28465 | Shoals:3 | Found Ucisonwu's Distillery.
 28501 | Shoals:3 | Received a gift from Trog
 29485 | Shoals:3 | Reached XP level 16. HP: 96/151 MP: 4/13
 29791 | Shoals:4 | Entered Level 4 of the Shoals
 30929 | Shoals:4 | Received a gift from Trog
 32408 | Shoals:4 | Got a barnacled rune of Zot
 32533 | Shoals:4 | Noticed Ilsuiw
 32586 | Shoals:4 | Killed Ilsuiw
 33235 | Shoals:3 | Identified the ring "Hydwir" {*Slow rN++ Dex+4} (You found it on level 2 of the Shoals)
 34216 | Snake:1  | Entered Level 1 of the Snake Pit
 34271 | Snake:1  | Identified the cursed +0 buckler of the End {*Corrode rC+++ rN+ MR-} (You found it on level 1 of the Lair of Beasts)
 34821 | Snake:1  | Noticed Aizul
 34834 | Snake:1  | Killed Aizul
 35619 | Snake:2  | Received a gift from Trog
 35628 | Snake:2  | Reached skill level 15 in Dodging
 35645 | Snake:2  | Got a dazzling executioner's axe {god gift}
 35717 | Snake:2  | Identified the +10 executioner's axe of Conflict {protect, rElec} (Trog gifted it to you on level 2 of the Snake Pit)
 35952 | Snake:2  | Found a transporter.
 35955 | Snake:2  | Reached XP level 17. HP: 161/163 MP: 14/14
 36605 | Snake:2  | Found a transporter.
 37194 | Snake:3  | Found Xaku's General Store.
 37730 | Snake:3  | Received a gift from Trog
 38229 | Snake:4  | Entered Level 4 of the Snake Pit
 38230 | Snake:4  | Found Tuipeh's Magic Scroll Boutique.
 38241 | Snake:4  | Found Estrem's Armour Boutique.
 38372 | Snake:4  | Found Oqom Ost's Food Shoppe.
 38962 | Snake:4  | Found Cerr's Jewellery Emporium.
 38962 | Snake:4  | Found Apnuuhak's Gadget Shop.
 38963 | Snake:4  | Found Ogitat's Gadget Shop.
 39207 | Snake:4  | Received a gift from Trog
 39678 | Snake:4  | Reached XP level 18. HP: 105/176 MP: 15/15
 40430 | Snake:4  | Got a serpentine rune of Zot
 40870 | Elf:1    | Entered Level 1 of the Elven Halls
 41517 | Elf:1    | Received a gift from Trog
 41656 | Elf:1    | You fall through a shaft!
 41888 | Elf:2    | Found a glowing silver altar of Zin.
 41889 | Elf:2    | Found a ruined gateway.
 41889 | Elf:2    | Found a glowing golden altar of the Shining One.
 41961 | Elf:2    | Found a white marble altar of Elyvilon.
 41987 | Elf:2    | Found a magical portal.
 42059 | Desolati | Entered the Desolation of Salt
 42109 | Desolati | Received a gift from Trog
 42714 | Desolati | Got a scorched broad axe
 42720 | Desolati | Got a glittering granite ring
 42722 | Desolati | Identified the ring "Miojeta" {rN+ Str+4 Dex+3} (You found it in the Desolation of Salt)
 42801 | Desolati | Got a bound iron ring
 42804 | Desolati | Identified the ring of Qulu {*Slow rPois rN+ EV+2} (You found it in the Desolation of Salt)
 42856 | Desolati | Reached XP level 19. HP: 148/187 MP: 5/16
 42927 | Desolati | Received a gift from Trog
 42976 | Desolati | Identified the cursed +1 broad axe of Inference {chaos, +Blink} (You found it in the Desolation of Salt)
 43157 | Desolati | Got a pitted plate armour
 43168 | Desolati | Identified the cursed +0 plate armour of Experimentation {rC- Regen+ Dex+2} (You found it in the Desolation of Salt)
 43673 | Elf:2    | Found a huge runed gate.
 43673 | Elf:2    | Found a huge runed gate.
 43673 | Elf:2    | Found a huge runed gate.
 43676 | Elf:2    | Found a huge runed gate.
 43683 | Elf:2    | Found a huge runed gate.
 44574 | Elf:3    | Entered Level 3 of the Elven Halls
 44675 | Elf:3    | Found Zadwipug's Distillery.
 44989 | Elf:3    | Received a gift from Trog
 45378 | Elf:3    | Found Ykleroir's Distillery.
 45385 | Elf:3    | Found Bicecogegh's Assorted Antiques.
 45391 | Elf:3    | Bought a scroll of enchant weapon for 247 gold pieces
 45467 | Elf:3    | HP: 2/189 [deep elf sorcerer/damnation (44)]
 46177 | Elf:3    | Received a gift from Trog
 46224 | Elf:3    | Reached XP level 20. HP: 192/198 MP: 5/17
 46703 | Elf:3    | Found the +3 pair of gauntlets of War {Slay+5}
 47121 | Vaults:1 | Entered Level 1 of the Vaults
 47277 | Vaults:1 | Cast into level 2 of the Abyss (rakshasa)
 47369 | Vaults:1 | Escaped the Abyss
 47375 | Vaults:1 | Received a gift from Trog
 47397 | Vaults:1 | Cast into level 2 of the Abyss (rakshasa)
 47432 | Abyss:2  | Found a corrupted altar of Lugonu.
 47639 | Abyss:2  | Noticed a profane servitor
 47649 | Abyss:2  | Killed a profane servitor
 47666 | Vaults:1 | Escaped the Abyss
 47789 | Vaults:1 | Found Gozag's Antique Weapon Shop.
 47791 | Vaults:1 | Found an opulent altar of Gozag.
 47795 | Vaults:1 | Found Gozag's Antique Armour Shop.
 47797 | Vaults:1 | Found Gozag's Antique Armour Boutique.
 48875 | Vaults:2 | Received a gift from Trog
 49059 | Vaults:2 | Found a staircase to the Crypt.
 49061 | Vaults:2 | Received a gift from Trog
 49178 | Vaults:2 | Noticed Donald
 49187 | Vaults:2 | Killed Donald
 49385 | Vaults:2 | Reached XP level 21. HP: 203/206 MP: 5/17
 49733 | Vaults:2 | Found a roughly hewn altar of Beogh.
 49870 | Vaults:2 | Noticed Asterion
 49882 | Vaults:2 | Killed Asterion
 50258 | Vaults:3 | Identified a scroll of acquirement
 50434 | Vaults:3 | Received a gift from Trog
 51561 | Vaults:4 | Found Ocatoc's Distillery.
 51580 | Vaults:4 | Received a gift from Trog
 52109 | Vaults:4 | Received a gift from Trog
 52109 | Vaults:4 | Reached skill level 27 in Axes
 52526 | Vaults:4 | Reached XP level 22. HP: 196/217 MP: 6/18
 52941 | Depths:1 | Entered Level 1 of the Depths
 52941 | Depths:1 | Found a shimmering altar of Xom.
 52965 | Depths:1 | Found a gateway to Hell.
 53443 | Depths:2 | Received a gift from Trog
 53522 | Depths:2 | Found a one-way gate leading to the halls of Pandemonium.
 53534 | Depths:2 | Noticed a juggernaut
 53551 | Depths:2 | Killed a juggernaut
 53956 | Depths:2 | Found a runed door.
 54231 | Depths:2 | Got a clouded garnet amulet
 54257 | Depths:2 | Noticed a golden dragon
 54265 | Depths:2 | Noticed a juggernaut
 54269 | Depths:2 | Killed a golden dragon
 54273 | Depths:2 | Killed a juggernaut
 54351 | Depths:2 | Received a gift from Trog
 54354 | Depths:2 | Identified the amulet of Atiytiot {Reflect SH+3 SInv} (You took it off a deep elf demonologist on level 2 of the Depths)
 55355 | Depths:2 | Received a gift from Trog
 55363 | Depths:2 | Noticed a golden dragon
 55373 | Depths:2 | Killed a golden dragon
 55859 | Depths:3 | Paralysed by a sphinx for 4 turns
 56048 | Depths:3 | Noticed a golden dragon
 56059 | Depths:3 | Killed a golden dragon
 56059 | Depths:3 | Reached XP level 23. HP: 176/228 MP: 6/19
 56231 | Depths:3 | Found a gateway to a ziggurat.
 56385 | Depths:4 | Found Sidoutur's Weapon Emporium.
 56480 | Depths:4 | Received a gift from Trog
 56678 | Depths:4 | Found a one-way gate to the infinite horrors of the Abyss.
 57063 | Depths:4 | Found a runed door.
 57064 | Depths:4 | Noticed a caustic shrike
 57075 | Depths:4 | Killed a caustic shrike
 57119 | Depths:4 | Found an ancient bone altar of Kikubaaqudgha.
 57440 | Depths:4 | Noticed a juggernaut
 57447 | Depths:4 | Killed a juggernaut
 57848 | Depths:5 | Entered Level 5 of the Depths
 57868 | Depths:5 | Received a gift from Trog
 57881 | Depths:5 | Got a transparent battleaxe {god gift}
 57882 | Depths:5 | Identified the +3 battleaxe "Faah" {venom, rPois} (Trog gifted it to you on level 5 of the Depths)
 57926 | Depths:5 | Noticed a caustic shrike
 57927 | Depths:5 | Noticed a caustic shrike
 57927 | Depths:5 | Noticed a caustic shrike
 57927 | Depths:5 | Noticed a caustic shrike
 57927 | Depths:5 | Noticed a caustic shrike
 57936 | Depths:5 | Killed a caustic shrike
 57940 | Depths:5 | Killed a caustic shrike
 57944 | Depths:5 | Killed a caustic shrike
 57959 | Depths:5 | Killed a caustic shrike
 58191 | Depths:5 | Reached XP level 24. HP: 230/240 MP: 6/19
 58670 | Depths:5 | Received a gift from Trog
 58696 | Depths:5 | Found a gate to the Realm of Zot.
 58793 | Depths:5 | Noticed Mennas
 58803 | Depths:5 | Killed Mennas
 59568 | Vaults:5 | Entered Level 5 of the Vaults
 59568 | Vaults:5 | Noticed Xtahua
 59588 | Vaults:5 | Killed Xtahua
 59898 | Vaults:5 | Received a gift from Trog
 60206 | Vaults:5 | Noticed an ancient lich
 60215 | Vaults:5 | Killed an ancient lich
 60215 | Vaults:5 | Reached XP level 25. HP: 139/253 MP: 6/19
 60722 | Vaults:5 | Found the silken robe
 60775 | Vaults:5 | Got a pitted glass ring
 60778 | Vaults:5 | Identified the cursed ring "Sisieqot" {*Slow rPois rC- AC-2 SInv} (You found it on level 5 of the Vaults)
 60936 | Vaults:5 | Found the +8 longbow "Zephyr" {speed, Dex+3 SInv}
 60948 | Vaults:5 | Got a silver rune of Zot
 61067 | Vaults:5 | Noticed Boris
 61074 | Vaults:5 | Killed Boris
 61074 | Vaults:5 | Received a gift from Trog
 61191 | Vaults:5 | Got an iridescent war axe {antimagic}
 61192 | Vaults:5 | Identified the cursed +3 war axe "Iczoid" {antimagic, MR+ SInv} (You took it off a deep elf elementalist on level 5 of the Vaults)
 61231 | Vaults:5 | Identified the Compendium of Sinister Arts
 61948 | Snake:4  | Bought an uncursed ring of resist corrosion for 380 gold pieces
 62540 | Slime:2  | Gained mutation: Armour fits poorly on your strangely shaped body. [a shining eye]
 62546 | Slime:2  | Gained mutation: You have sharp toenails. [a shining eye]
 62548 | Slime:2  | Gained mutation: Scrolls take you a little longer to read. [a shining eye]
 62554 | Slime:2  | Gained mutation: You are occasionally teleported next to monsters. [a shining eye]
 62680 | Slime:2  | Received a gift from Trog
 63029 | Slime:3  | Gained mutation: Your body sometimes deteriorates upon taking damage. [a shining eye]
 63209 | Slime:4  | Lost mutation: You possess an exceptional clarity of mind. [a shining eye]
 63210 | Slime:4  | Gained mutation: Your magical capacity is very low. (-20% MP) [a shining eye]
 63215 | Slime:4  | Gained mutation: You tend to lose your temper in combat. [a shining eye]
 63237 | Slime:4  | Gained mutation: Your magical capacity is extremely low. (-30% MP) [a shining eye]
 63696 | Slime:4  | Gained mutation: Scrolls take you longer to read. [a shining eye]
 64293 | Slime:5  | Entered Level 5 of the Pits of Slime
 64310 | Slime:5  | Gained mutation: You often lose your temper in combat. [a shining eye]
 64313 | Slime:5  | Gained mutation: You have an uncontrollable temper. [a shining eye]
 64315 | Slime:5  | Lost mutation: You have sharp toenails. [a shining eye]
 64316 | Slime:5  | Gained mutation: You are weak. (Str -2) [a shining eye]
 64319 | Slime:5  | Gained mutation: You are very weak. (Str -4) [a shining eye]
 64329 | Slime:5  | Gained mutation: You are frail. (-10% HP) [a shining eye]
 64332 | Slime:5  | Gained mutation: You are sometimes teleported next to monsters. [a shining eye]
 64512 | Slime:5  | Received a gift from Trog
 64656 | Slime:5  | Reached skill level 27 in Fighting
 64659 | Slime:5  | Reached XP level 26. HP: 216/239 MP: 1/15
 64664 | Slime:5  | Noticed the Royal Jelly
 64672 | Slime:5  | HP: 6/239 [death ooze[the Royal Jelly] (6)]
 64672 | Slime:5  | Mangled by the Royal Jelly

Skill      XL: |  1  2  3  4  5  6  7  8  9 10 11 12 13 14 15 16 17 18 19 20 21 22 23 24 25 |
---------------+----------------------------------------------------------------------------+-----
Axes           | 4 5 6 7 9 11 12 14 16 17 19 20 21 22 23 25 26 27 | 27.0
Fighting       | 4 5 6 7 8 9 11 12 13 14 16 17 19 20 21 22 23 24 25 27 | 27.0
Armour         | 3 4 5 6 8 9 10 12 13 14 15 16 17 18 19 20 21 23 24 25 | 25.6
Dodging        | 3 4 5 6 7 8 10 11 12 13 14 15 16 17 18 19 20 21 22 23 | 23.9

Action                   |  1- 3 |  4- 6 |  7- 9 | 10-12 | 13-15 | 16-18 | 19-21 | 22-24 | 25-27 || total
-------------------------+-------+-------+-------+-------+-------+-------+-------+-------+-------++-------
Melee: Hand axe          |    80 |    97 |   373 |   331 |       |       |       |       |       ||   881
       Headbutt          |     8 |    20 |    77 |   165 |   311 |   298 |   304 |   301 |   140 ||  1624
       Battleaxe         |       |       |       |   324 |   715 |       |       |       |       ||  1039
       Executioner's axe |       |       |       |       |   451 |  1121 |  1020 |   866 |   388 ||  3846
       War axe           |       |       |       |       |       |       |       |       |    16 ||    16
Invok: Berserk           |       |     1 |     3 |     8 |    10 |     8 |     2 |     5 |       ||    37
       Brothers in Arms  |       |       |       |     1 |     3 |     6 |     1 |     9 |     1 ||    21
       Burn Spellbooks   |       |       |       |     1 |     3 |     5 |     8 |     6 |       ||    23
       Trog's Hand       |       |       |       |       |     1 |    10 |     8 |    12 |     1 ||    32
  Use: Scroll            |       |       |    10 |       |     9 |     7 |    12 |     9 |     4 ||    51
       Potion            |       |       |     6 |       |     2 |     4 |     2 |     2 |     2 ||    18
 Stab: Distracted        |       |       |       |       |       |     1 |       |     1 |       ||     2
  Eat: Chunk             |     1 |     5 |     9 |    25 |    43 |    28 |    23 |    23 |       ||   157
       Ration            |       |       |     2 |     3 |     5 |     9 |     4 |     6 |     3 ||    32
Armor: Animal skin       |    24 |       |       |       |       |       |       |       |       ||    24
       Chain mail        |     9 |    43 |   125 |   137 |       |       |       |       |       ||   314
       Plate armour      |       |       |       |   178 |   660 |   681 |   336 |   246 |       ||  2101
       Gold dragon scale |       |       |       |       |       |       |       |   207 |   178 ||   385
Dodge: Dodged            |    53 |    35 |   155 |   338 |   765 |   850 |   685 |   724 |   249 ||  3854
Block: Other             |     2 |    16 |    70 |   143 |   276 |   101 |       |       |       ||   608
       Reflection        |       |       |     3 |     7 |    12 |    13 |       |       |       ||    35
